 Dungeon Crawl Stone Soup version 0.28-a0-401-ge240ad9e29 (webtiles) character file.

Game seed: 12642499920390251025

10955 ytrimaz the Cleaver (level 11, -7/107 HPs)
             Began as a Minotaur Berserker on Sept 4, 2021.
             Was a High Priest of Trog.
             Mangled by a seven-headed hydra (11 damage)
             ... on level 10 of the Dungeon.
             The game lasted 00:13:58 (9304 turns).

ytrimaz the Cleaver (Minotaur Berserker)            Turns: 9304, Time: 00:13:59

Health: -7/107     AC:  5    Str: 24    XL:     11   Next: 43%
Magic:  10/10      EV: 19    Int:  4    God:    Trog [*****.]
Gold:   1594       SH:  0    Dex: 17    Spells: 10/10 levels left

rFire   . . .      SeeInvis .   a - +1 hand axe (freeze)
rCold   . . .      Faith    .   (no shield)
rNeg    . . .      Spirit   .   D - +0 troll leather armour
rPois   .          Reflect  .   (helmet restricted)
rElec   .          Harm     .   (no cloak)
rCorr   .          Rampage  .   (no gloves)
Will    .....                   (no boots)
Stlth   +.........              e - amulet of regeneration
HPRegen 2.27/turn               j - +4 ring of evasion
MPRegen 0.12/turn               o - +6 ring of dexterity

@: no status effects
A: horns 2, retaliatory headbutt
a: Renounce Religion, Berserk, Trog's Hand, Brothers in Arms


You were on level 10 of the Dungeon.
You worshipped Trog.
Trog was extremely pleased with you.
You visited 1 branch of the dungeon, and saw 11 of its levels.

You collected 1594 gold pieces.

Inventory:

Hand Weapons
 a - a +1 hand axe of freezing (weapon)
 b - a +0 war axe
 v - a +4 hand axe
 z - a +2 hand axe of venom
 F - a +5 battleaxe
Missiles
 i - 3 throwing nets (quivered)
Armour
 p - a +1 ring mail
 D - a +0 troll leather armour (worn)
Jewellery
 e - an amulet of regeneration (around neck)
 j - a +4 ring of evasion (left hand)
 o - a +6 ring of dexterity (right hand)
 r - a ring of see invisible
 u - a ring of ice
Wands
 y - a wand of flame (40)
 H - a wand of acid (12)
Scrolls
 c - 3 scrolls of enchant weapon
 l - 2 scrolls of enchant armour
 t - a scroll of magic mapping
 w - a scroll of teleportation
 A - 2 scrolls of silence
 G - 3 scrolls of identify
Potions
 d - 3 potions of heal wounds
 f - a potion of invisibility
 g - 2 potions of flight
 h - a potion of ambrosia
 k - 4 potions of cancellation
 m - a potion of berserk rage {unknown}
 n - 3 potions of mutation
 q - a potion of attraction {unknown}
 s - 2 potions of magic {unknown}
 x - a potion of curing
 B - 2 potions of degeneration {unknown}
 C - a potion of might {unknown}
 E - a potion of lignification {unknown}


   Skills:
 * Level 13.0 Fighting
 + Level 13.1 Axes
 + Level 9.4 Armour
 + Level 7.1 Dodging


You had 10 spell levels left.
You didn't know any spells.
Your spell library was empty.

Dungeon Overview and Level Annotations

Branches:
Dungeon (11/15)            Temple (0/1) D:7            Lair (0/6) D:10
    Orc (0/2) D:11

Altars:
Cheibriados
Elyvilon
Gozag
Qazlal
Ru
Sif Muna
Zin
The Shining One
Beogh

Shops:
D:6 *


Innate Abilities, Weirdness & Mutations

You have a pair of horns on your head.
You reflexively headbutt those who attack you in melee.


Message History

The wolf spider hits you! The wolf spider misses you.
The deep elf pyromancer gestures wildly while chanting.
The yak gores you!
* * * LOW HITPOINT WARNING * * *
The seven-headed hydra barely misses you. x2
The seven-headed hydra bites you but does no damage.
The seven-headed hydra misses you.
The seven-headed hydra barely misses you.
The seven-headed hydra completely misses you. x2
You climb upwards.
There is a stone staircase leading down here.
Unknown command.
Your ogre goes berserk!
The wolf spider closely misses you. You furiously retaliate!
You headbutt the wolf spider. The wolf spider bites you!
* * * LOW HITPOINT WARNING * * *
The wolf spider hits you.
* * * LOW HITPOINT WARNING * * *
The wolf spider misses you. The seven-headed hydra misses you.
The seven-headed hydra closely misses you.
The seven-headed hydra completely misses you.
The seven-headed hydra closely misses you.
The seven-headed hydra bites you but does no damage.
The seven-headed hydra completely misses you.
The seven-headed hydra bites you.
* * * LOW HITPOINT WARNING * * *
The yak gores you!
* * * LOW HITPOINT WARNING * * *
Unknown command.
You feel much better. The wolf spider closely misses you. x2
Your ogre hits the wolf spider with a +0 giant spiked club!!
The yak misses you. The seven-headed hydra bites you!
* * * LOW HITPOINT WARNING * * *
The seven-headed hydra bites you.
* * * LOW HITPOINT WARNING * * *
The seven-headed hydra bites you!
* * * LOW HITPOINT WARNING * * *
The seven-headed hydra completely misses you. x3
The seven-headed hydra bites you!
You die...

###########
..........##################
..........##....@D...<.....#
...........#....Ys.........#
...........>......O(.......#
..........#........÷÷......#
..........##......÷........#
#########.##########'#######
.♣.♣.8.8..# #.###
..........# #...#
.8[8.8.8.## ###.#


You could see a seven-headed hydra, a wolf spider (ally target), a yak and a
friendly ogre (summoned, berserk).

Vanquished Creatures
  A hydra (D:11)
  2 two-headed ogres
  Urug (D:10)
  Pikel (D:4)
  A manticore (D:7)
  An ugly thing (D:11)
  A cyclops (D:11)
  Prince Ribbit (D:6)
  A troll (D:10)
  2 shadows
  5 yaks (D:10)
  3 vampire mosquitoes (D:10)
  A steam dragon (D:6)
  5 humans (D:8)
  Duvessa (D:5)
  A water moccasin (D:8)
  2 black bears
  4 orc warriors
  A sky beast (D:7)
  2 ogres
  2 necrophages
  2 centaurs
  2 lemures (D:4)
  A phantom (D:4)
  A gnoll sergeant (D:7)
  Blork the orc (D:6)
  A kobold brigand (D:9)
  2 bullfrogs
  A scorpion (D:5)
  A wyvern zombie (D:7)
  Dowan (D:5)
  13 wights
  15 killer bees
  2 howler monkeys (D:7)
  2 centaur zombies
  A gnoll shaman (D:10)
  9 orc priests
  A hound (D:5)
  3 iguanas
  9 orc wizards
  A killer bee zombie (D:9)
  8 gnolls
  11 adders
  A shadow imp (D:6)
  A white imp (D:5)
  2 ufetubi
  A worm (D:2)
  2 dart slugs
  46 orcs
  7 bats
  6 endoplasms
  2 giant cockroaches
  7 goblins
  2 hobgoblins (D:1)
  3 jackals (D:3)
  4 quokkas
  4 ball pythons
  A frilled lizard (D:3)
  6 kobolds
  5 rats
227 creatures vanquished.

Notes
Turn   | Place    | Note
-------+----------+-------------------------------------------
     0 | D:1      | ytrimaz the Minotaur Berserker began the quest for the Orb.
     0 | D:1      | Reached XP level 1. HP: 19/19 MP: 0/0
   265 | D:1      | Reached XP level 2. HP: 27/27 MP: 1/1
   692 | D:1      | Found a faded altar of an unknown god.
   924 | D:2      | Reached XP level 3. HP: 32/34 MP: 2/2
   986 | D:2      | Reached ** piety under Trog
  1522 | D:3      | Reached XP level 4. HP: 28/41 MP: 3/3
  1829 | D:3      | Reached skill level 5 in Fighting
  2767 | D:4      | Reached XP level 5. HP: 48/48 MP: 4/4
  2776 | D:4      | Noticed a phantom
  2789 | D:4      | Killed a phantom
  2790 | D:4      | Reached skill level 5 in Axes
  2961 | D:4      | Noticed a lemure
  2961 | D:4      | Noticed a lemure
  2962 | D:4      | Noticed Pikel
  2963 | D:4      | Noticed a lemure
  2964 | D:4      | Noticed a lemure
  2971 | D:4      | Killed a lemure
  2972 | D:4      | Killed a lemure
  2974 | D:4      | Killed Pikel
  2975 | D:4      | Reached XP level 6. HP: 5/60 MP: 5/5
  2975 | D:4      | Reached XP level 7. HP: 6/66 MP: 6/6
  4483 | D:5      | Entered Level 5 of the Dungeon
  4530 | D:5      | Noticed Duvessa
  4531 | D:5      | Noticed Dowan
  4542 | D:5      | Killed Duvessa
  4543 | D:5      | Reached XP level 8. HP: 74/74 MP: 7/7
  4545 | D:5      | Killed Dowan
  4780 | D:5      | Reached *** piety under Trog
  4783 | D:5      | Reached skill level 5 in Armour
  5003 | D:5      | Found a glowing golden altar of the Shining One.
  5003 | D:5      | Found a glowing silver altar of Zin.
  5003 | D:5      | Found a white marble altar of Elyvilon.
  5106 | D:6      | Found Wokav's Assorted Antiques.
  5188 | D:6      | Noticed Blork the orc
  5194 | D:6      | Killed Blork the orc
  5240 | D:6      | Reached skill level 5 in Dodging
  5296 | D:6      | Found an opulent altar of Gozag.
  5296 | D:6      | Found a shimmering blue altar of Sif Muna.
  5306 | D:6      | Noticed Prince Ribbit
  5323 | D:6      | Killed Prince Ribbit
  5409 | D:6      | Found a snail-covered altar of Cheibriados.
  5574 | D:6      | Reached XP level 9. HP: 83/83 MP: 8/8
  5798 | D:7      | Noticed a manticore
  5805 | D:7      | Killed a manticore
  5928 | D:7      | Found a staircase to the Ecumenical Temple.
  5993 | D:7      | Reached **** piety under Trog
  6016 | D:7      | Reached skill level 10 in Fighting
  6215 | D:8      | Found a sacrificial altar of Ru.
  6326 | D:8      | Reached skill level 10 in Axes
  6452 | D:8      | Found a stormy altar of Qazlal.
  6491 | D:8      | Reached XP level 10. HP: 81/94 MP: 9/9
  7083 | D:8      | Identified a scroll of acquirement
  7083 | D:8      | Acquired 1031 gold pieces
  7777 | D:9      | Reached ***** piety under Trog
  8220 | D:10     | Entered Level 10 of the Dungeon
  8237 | D:10     | Found a staircase to the Lair.
  8436 | D:10     | Noticed Urug
  8451 | D:10     | Killed Urug
  8858 | D:10     | Reached XP level 11. HP: 49/104 MP: 10/10
  9010 | D:10     | Noticed a two-headed ogre
  9018 | D:10     | Killed a two-headed ogre
  9066 | D:11     | Noticed a two-headed ogre
  9066 | D:11     | Found a staircase to the Orcish Mines.
  9070 | D:11     | Noticed a six-headed hydra
  9074 | D:11     | Killed a two-headed ogre
  9083 | D:11     | Killed a 13-headed hydra
  9213 | D:11     | Noticed a cyan ugly thing
  9226 | D:11     | Killed a cyan ugly thing
  9285 | D:11     | Noticed a six-headed hydra
  9285 | D:11     | Noticed a fire dragon
  9287 | D:11     | Noticed a wolf spider
  9288 | D:11     | Noticed a deep elf pyromancer
  9304 | D:10     | HP: 4/107 [seven-headed hydra (9)]
  9304 | D:10     | Mangled by a seven-headed hydra

Illustrated notes

Levels and vault maps discovered:
D:1:      co_arrival_random_square_maze, layout_basic,
          shapermc_ecumenical_altar_notcrosses
D:2:      layout_rooms, hangedman_decor_growths
D:3:      layout_loops_ring, chequers_garden, minmay_crystal_room,
          hangedman_decor_push, st_stairs_10
D:4:      layout_gridville, grunt_decor_clamped, uniq_pikel
D:5:      layout_gridville, good_gods_mini_temple, minmay_stone_trees_small,
          uniq_duvessa
D:6:      layout_basic, mainiacjoe_overflow_paths,
          gammafunk_temple_overflow_wave, serial_shops, shop,
          uniq_prince_ribbit1, uniq_blork_the_orc
D:7:      layout_rooms, minmay_temple_entry_junction, st_stairs_8,
          amcnicky_mini_pool_small, kennysheep_generic_room_14
D:8:      layout_cave_pods, mainiacjoe_overflow_chevrons,
          mainiacjoe_overflow_brackets, minmay_ruffians
D:9:      layout_basic, minmay_door_square
D:10:     layout_roguey [special_room_orc], lair_entry_dummy, chequers_avenue,
          corexii_leaking_fountain, uniq_urug
D:11:     nzn_winding_woodlands_stair_cross
          [nzn_winding_woodlands_5x15_lazy_stream,
          nzn_winding_woodlands_center_triple_pond,
          nzn_winding_woodlands_5x15_eye, nzn_winding_woodlands_hourglass,
          nzn_winding_woodlands_5x5_cross, nzn_winding_woodlands_5x15_crooked,
          nzn_winding_woodlands_center_diamonds,
          nzn_winding_woodlands_5x15_split_checker], layout_basic

Skill      XL: |  1  2  3  4  5  6  7  8  9 10 11 |
---------------+----------------------------------+-----
Fighting       | 4 5 7 9 10 12 13 | 13.0
Axes           | 4 6 8 10 12 13 | 13.1
Dodging        | 3 4 5 6 7 |  7.1
Armour         | 3 4 7 8 9 |  9.4

Action                   |  1- 3 |  4- 6 |  7- 9 | 10-12 || total
-------------------------+-------+-------+-------+-------++-------
Melee: Hand axe          |    53 |    73 |   190 |   207 ||   523
       Headbutt          |     6 |    13 |    40 |    62 ||   121
Invok: Berserk           |     2 |     2 |     7 |     5 ||    16
       Trog's Hand       |       |       |       |     2 ||     2
       Brothers in Arms  |       |       |       |     1 ||     1
  Use: Scroll            |       |     6 |    10 |     4 ||    20
       Potion            |       |       |       |     1 ||     1
Armor: Animal skin       |    12 |     3 |       |       ||    15
       Ring mail         |       |    11 |    49 |    26 ||    86
       Troll leather arm |       |       |       |    10 ||    10
Dodge: Dodged            |    59 |    59 |   177 |   199 ||   494

Table legend: (Time is in decaauts)
 A = Elapsed time spent in this place.
 B = Non-inter-level travel time spent in this place.
 C = Inter-level travel time spent in this place.
 D = Time resting spent in this place.
 E = Time spent auto-exploring this place.
 F = Levels seen in this place.
 G = Mean time per level.
                   A        B        C        D        E       F      G
               +--------+--------+--------+--------+--------+-----+--------+
         Total |   9388 |   9099 |    289 |   2087 |   5327 |  11 |  853.5 |
       Dungeon |   9388 |   9099 |    289 |   2087 |   5327 |  11 |  853.5 |
               +--------+--------+--------+--------+--------+-----+--------+

Top non-repeatable levels by time:
     D:3: 1668 daAuts
     D:4: 1357 daAuts
     D:9: 1088 daAuts
     D:8: 927 daAuts
    D:10: 892 daAuts
     D:2: 783 daAuts
     D:1: 736 daAuts
     D:6: 658 daAuts
     D:5: 539 daAuts
     D:7: 524 daAuts
    D:11: 212 daAuts
